 Dungeon Crawl Stone Soup version 0.29.1-15-g9cfb28693d (webtiles) character file.

Game seed: 7701328868871659105

63 javelincjr the Magician (level 3, 0/26 HPs)
             Began as a Demonspawn Hedge Wizard on Apr 7, 2023.
             Slain by a jackal (2 damage)
             ... on level 2 of the Dungeon on Apr 8, 2023.
             The game lasted 00:06:24 (2529 turns).

javelincjr the Magician (Demonspawn Hedge Wizard)   Turns: 2529, Time: 00:06:25

Health: 0/26       AC:  2    Str: 12    XL:     3   Next: 87%
Magic:  1/7        EV: 12    Int: 15    God:
Gold:   99         SH:  0    Dex: 12    Spells: 7/8 levels left

rFire   . . .      SeeInvis .   a - +0 dagger
rCold   . . .      Faith    .   (no shield)
rNeg    . . .      Spirit   .   b - +0 robe
rPois   .          Reflect  .   c - +0 hat
rElec   .          Harm     .   (no cloak)
rCorr   .          Rampage  .   (no gloves)
Will    .....                   (no boots)
Stlth   ++........              (no amulet)
HPRegen 0.08/turn               j - ring of wizardry
MPRegen 0.10/turn               (no ring)

@: no status effects
A: powered by death 1, weakness stinger 1
a: no special abilities


You were on level 2 of the Dungeon.
You visited 1 branch of the dungeon, and saw 2 of its levels.

You collected 99 gold pieces.

Inventory:

Hand Weapons
 a - a +0 dagger (weapon)
Armour
 b - a +0 robe (worn)
 c - a +0 hat (worn)
Jewellery
 j - a ring of wizardry (left hand)
Scrolls
 e - a scroll of blinking {unknown}
 g - 2 scrolls of teleportation {unknown}
 h - 2 scrolls of identify {unknown}
Potions
 d - 2 potions of magic
 f - a potion of curing {unknown}
 i - a potion of attraction {unknown}
 k - a potion of brilliance {unknown}


   Skills:
 * Level 1.3 Fighting
 + Level 0.7 Armour
 + Level 2.0 Dodging
 - Level 1.8 Stealth
 * Level 3.3 Spellcasting
 + Level 1.5 Conjurations
 + Level 1.6 Summonings
 + Level 1.3 Translocations


You had 7 spell levels left.
You knew the following spells:

 Your Spells              Type           Power      Damage    Failure   Level
a - Magic Dart            Conj           28%        1d4       4%          1

Your spell library contained the following spells:

 Spells                   Type           Power      Damage    Failure   Level
 Call Imp                 Summ           7%         N/A       6%          2
 Blink                    Tloc           12%        N/A       7%          2
 Slow                     Hex            8%         N/A       9%          1
 Conjure Flame            Conj/Fire      4%         6-21      16%         3
 Mephitic Cloud           Conj/Pois/Air  4%         N/A       19%         3


Dungeon Overview and Level Annotations

Branches:
Dungeon (2/15)

Altars:

Annotations:
D:2 Sigmund


Innate Abilities, Weirdness & Mutations

You regenerate a little health from kills.
You have a small tail.


Message History

Aiming: Magic Dart (safe; 4% risk of failure)
Press: ? - help, Shift-Dir - straight line, f/p - goblin
Aim: a goblin, wielding a +0 club, wearing a +0 chain mail and wearing a ring of magical power (100% to hit)
The magic dart hits the goblin but does no damage.
The goblin hits you with a +0 club. The goblin attacks as you move away!
The goblin closely misses you. The goblin attacks as you move away!
The goblin hits you with a +0 club.
* * * LOW HITPOINT WARNING * * *
The goblin attacks as you move away! The goblin hits you but does no damage.
You closely miss the goblin. The goblin hits you but does no damage.
You closely miss the goblin. The goblin misses you.
You completely miss the goblin. The goblin hits you but does no damage.
You barely miss the goblin. The goblin closely misses you.
You closely miss the goblin. The goblin barely misses you.
Casting: Magic Dart (safe; 4% risk of failure)
Confirm with . or Enter, or press ? or * to list all spells.
Aiming: Magic Dart (safe; 4% risk of failure)
Press: ? - help, Shift-Dir - straight line, f/p - goblin
Aim: a goblin, wielding a +0 club, wearing a +0 chain mail and wearing a ring of magical power (100% to hit)
The magic dart hits the goblin but does no damage.
The goblin hits you but does no damage.
You hit the goblin but do no damage. The goblin hits you with a +0 club.
* * * LOW HITPOINT WARNING * * *
You hit the goblin.
The goblin is severely wounded.
The goblin hits you but does no damage.
You hit the goblin.
The goblin is almost dead.
The goblin hits you with a +0 club.
* * * LOW HITPOINT WARNING * * *
You closely miss the goblin.
Your tail-slap misses the goblin.
The goblin is almost dead.
The goblin barely misses you.
You hit the goblin but do no damage.
The goblin is almost dead.
The goblin closely misses you.
You hit the goblin.
You kill the goblin!
You closely miss the jackal. The jackal bites you.
You die...

# #...### # ## ##
#.### .######.#
........#
##..(...####### .
###.###.......##
.. ....#
#######..# ...
.<.## ##.####
.... <..# #..@.#
..... ...#
####h######......
...# #w.....†)#
#### ########...#
#.# .. .


You could see a worm and a jackal.

Vanquished Creatures
  An adder (D:1)
  A worm (D:2)
  3 ball pythons
  3 bats
  5 endoplasms
  5 hobgoblins
  6 jackals
  3 kobolds
  5 quokkas
  2 frilled lizards (D:1)
  5 goblins
  3 rats
42 creatures vanquished.

Notes
Turn   | Place    | Note
-------+----------+-------------------------------------------
     0 | D:1      | javelincjr the Demonspawn Hedge Wizard began the quest for
                  | the Orb.
     0 | D:1      | Reached XP level 1. HP: 13/13 MP: 4/4
   123 | D:1      | Reached skill level 1 in Translocations
   209 | D:1      | Gained mutation: You regenerate a little health from kills.
                  | [demonic ancestry]
   209 | D:1      | Reached XP level 2. HP: 8/20 MP: 0/6
  1146 | D:1      | Reached skill level 1 in Fighting
  1327 | D:2      | Noticed Sigmund
  1337 | D:1      | Discovered your monstrous ancestry.
  1337 | D:1      | Gained mutation: You have a small tail. [demonic ancestry]
  1337 | D:1      | Reached XP level 3. HP: 24/26 MP: 1/7
  2525 | D:2      | HP: 1/26 [goblin/+0 club (3)]
  2529 | D:2      | Slain by a jackal

Illustrated notes

Levels and vault maps discovered:
D:1:      zelgadis_glass_arrival_small, layout_loops_ring,
          minmay_misc_feat_square
D:2:      layout_rooms, uniq_sigmund

Skill      XL: |  1  2 |
---------------+-------+-----
Translocations | 1 |  1.3
Fighting       | 1 |  1.3
Dodging        | 2 |  2.0
Armour         | |  0.7
Stealth        | |  1.8
Spellcasting   | |  3.3
Conjurations   | |  1.5
Summonings     | |  1.6

Action                   || total
-------------------------++-------
Melee: Dagger            ||    78
       Tailslap          ||     3
       Punch             ||     1
 Cast: Magic Dart        ||   110
Armor: Robe              ||    15
Dodge: Dodged            ||    62
